 Dungeon Sprint DCSS version 0.32-a0-932-g546787307d (webtiles) character file.

Game seed: 3363389694377668561

11147 Conn the Destroyer (level 11, -23/78 HPs)
             Began as an Octopode Fire Elementalist on Apr 14, 2024.
             Was the Champion of Sif Muna.
             Annihilated by a death cob (30 damage)
             ... in the Dungeon (Sprint VII: "The Pits").
             The game lasted 00:24:59 (3626 turns).

Conn the Destroyer (Octopode Fire Elementalist)     Turns: 3626, Time: 00:25:04

Health: -23/78     AC:  1    Str:  8    XL:     11   Next: 73%
Magic:  2/27       EV: 17    Int: 30    God:    Sif Muna [******]
Gold:   61         SH:  0    Dex: 16    Spells: 0/35 levels left

rFire   + + .        k - staff of fire
rCold   . . .        (no shield)
rNeg    . . .        (helmet restricted)
rPois   .            (no amulet)
rElec   .            m - +3 ring of dexterity
rCorr   .            n - +3 ring of intelligence
SInv    .            f - ring of fire
Will    .....        r - +6 ring of intelligence
Stlth   +++++        s - ring of protection from cold
HPRegen 0.33/turn    (no ring)
MPRegen 0.20/turn    (no ring)
                     (no ring)

%: no teleportation
@: slowed, very slow
A: almost no armour, amphibious, 8 rings, camouflage 1, gelatinous body 1,
(nimble swimmer 1), tentacles
a: Renounce Religion, Channel Magic, Forget Spell, Divine Exegesis


You were in the Dungeon.
You worshipped Sif Muna.
Sif Muna was exalted by your worship.
You visited 1 branch You collected 61 gold pieces.

Inventory:

Hand Weapons
 g - a +2 quarterstaff
 l - a +0 quarterstaff of protection
 p - the +2 halberd "Killer Bee's Foe" {flame, rElec Will+}
   (You found it in the Dungeon)

   rElec:     It insulates you from electricity.
   Will+:     It increases your willpower.
Magical Staves
 k - a staff of fire (weapon)
Jewellery
 f - a ring of fire (on tentacle)
 m - a +3 ring of dexterity (left tentacle)
 n - a +3 ring of intelligence (right tentacle)
 r - a +6 ring of intelligence (on tentacle)
 s - a ring of protection from cold (on tentacle)
Wands
 q - a wand of acid (5)
 v - a wand of iceblast (4)
Scrolls
 i - 2 scrolls of vulnerability
 j - 4 scrolls of amnesia
 t - 2 scrolls of identify
 w - 4 scrolls of enchant armour
 y - 3 scrolls of fog
 z - 2 scrolls of enchant weapon
 A - a scroll of fear
Potions
 a - 5 potions of magic
 b - 9 potions of curing
 c - 8 potions of heal wounds
 d - 4 potions of haste
 e - 5 potions of berserk rage
 h - 2 potions of invisibility
 o - 2 potions of resistance
 u - a potion of might
 x - a potion of mutation


   Skills:
 + Level 8.4 Fighting
 + Level 5.2(5.3) Polearms
 - Level 1.2(3.4) Staves
 + Level 10.0 Dodging
 - Level 8.0 Stealth
 * Level 12.6 Spellcasting
 * Level 13.2 Conjurations
 - Level 5.0 Hexes
 + Level 11.2 Fire Magic
 * Level 7.5 Earth Magic
 + Level 10.1 Invocations


You couldn't memorise any spells.
You knew the following spells:

 Your Spells              Type           Power      Damage    Failure   Level
a - Foxfire               Conj/Fire      100%       2x1d9     1%          1
b - Scorch                Fire           100%       2d9       1%          2
c - Inner Flame           Hex/Fire       100%       N/A       1%          3
d - Flame Wave            Conj/Fire      100%       2d21      1%          4
e - Starburst             Conj/Fire      59%        6d16      2%          6
f - Iskenderun's Mystic   Conj/Tloc      55%        2d12      (+2d61%     4
g - Bombard               Conj/Erth      34%        9d6       6%          6
h - Brom's Barrelling Bo  Conj/Erth      69%        2d8       1%          4
i - Arcjolt               Conj/Air       27%        1d37      4%          5

Your spell library contained the following spells:

 Spells                   Type           Power      Damage    Failure   Level
 Magic Dart               Conj           100%       1d8       0%          1
 Kiss of Death            Conj/Necr      100%       2d13      1%          1
 Shock                    Conj/Air       100%       1d9       1%          1
 Jinxbite                 Hex            96%        N/A       1%          2
 Searing Ray              Conj           100%       2d8       1%          2
 Confusing Touch          Hex            48%        N/A       1%          3
 Volatile Blastmotes      Fire/Tloc      100%       2d18      1%          3
 Iskenderun's Battlesphe  Conj           78%        2d13      1%          5
 Lesser Beckoning         Tloc           36%        N/A       4%          2
 Leda's Liquefaction      Alch/Erth      20%        N/A       5%          4
 Petrify                  Alch/Erth      41%        N/A       5%          4
 Swiftness                Air            18%        N/A       9%          3
 Teleport Other           Tloc           18%        N/A       9%          3
 Anguish                  Hex/Necr       16%        N/A       10%         4
 Dimensional Bullseye     Hex/Tloc       16%        N/A       10%         4
 Airstrike                Air            9%         2d(2-18)  26%         4
 Dispel Undead            Necr           18%        3d11      26%         4
 Passage of Golubria      Tloc           18%        N/A       26%         4
 Silence                  Hex/Air        16%        N/A       26%         5
 Yara's Violent Unravell  Hex/Alch       16%        3d8       26%         5
 Conjure Ball Lightning   Conj/Air       27%        3x3d8     26%         6
 Curse of Agony           Necr           18%        N/A       58%         5
 Summon Forest            Summ/Tloc      9%         N/A       58%         5
 Spellforged Servitor     Conj/Summ      27%        N/A       83%         7
 Ignition                 Fire           57%        3d16      87%         8
 Lehudib's Crystal Spear  Conj/Erth      34%        10d9      94%         8
 Enfeeble                 Hex            24%        N/A       96%         7
 Dispersal                Tloc           9%         N/A       99%         6
 Manifold Assault         Tloc           9%         N/A       100%        7


Dungeon Overview and Level Annotations

Branches:
Dungeon (1/1)

Altars:
Ashenzari
Cheibriados
Dithmenos
Elyvilon
Fedhas
Gozag
Hepliaklqana
Kikubaaqudgha
Makhleb
Nemelex Xobeh
Okawaru
Qazlal
Ru
Sif Muna
Trog
Uskayaw
Vehumet
Wu Jian
Xom
Yredelemnul
Zin
The Shining One
Beogh
Jiyva
Lugonu


Innate Abilities, Weirdness & Mutations

You cannot wear most types of armour.
You are amphibious.
You can wear up to eight rings at the same time.
Your skin changes colour to match your surroundings (Stealth+).
Your rubbery body absorbs attacks. (AC +1, EV +1)
((You are camouflaged when in or above water. (Stealth+)))
You have tentacles for arms and can constrict up to eight enemies at once.


Message History

The death cob hits you! The death cob drains your vigour!
You feel as though you will be slow longer.
The alligator tail-slaps you! The alligator bites you!!
* * * LOW HITPOINT WARNING * * *
The alligator drags you backwards!
Casting: Starburst (dangerous; 3% risk of failure)
Confirm with . or Enter, or press ? or * to list all spells.
Okay, then.
Unknown command.
Okay, then.
Unknown command.
Unknown command.
Unknown command.
Unknown command.
Casting: Starburst (dangerous; 3% risk of failure)
Confirm with . or Enter, or press ? or * to list all spells.
Casting: Starburst (dangerous; 3% risk of failure)
Press: ? - help, Dir - look around, f - activate You feel a strong surge of power!
The bolt of fire hits the death cob!!!
The death cob is severely damaged.
The bolt of fire hits the alligator!!!
You kill the alligator!
Sif Muna accepts your kill.
The bolt of fire hits the molten gargoyle.
The molten gargoyle completely resists.
The molten gargoyle is heavily damaged.
The death cob completely misses you. The death cob barely misses you. x2
The molten gargoyle blasts magma at you!
The bolt of magma misses you. The death cob completely misses you.
Your Dodging skill increases to level 10!
Casting: Starburst (dangerous; 2% risk of failure)
Confirm with . or Enter, or press ? or * to list all spells.
Casting: Starburst (dangerous; 2% risk of failure)
Press: ? - help, Dir - look around, f - activate You feel a strong surge of power!
The bolt of fire misses the death cob.
The bolt of fire hits the molten gargoyle.
The molten gargoyle completely resists.
The molten gargoyle is heavily damaged.
The death cob hits you!!
You die...

..# .l# ######### ..# ....##..#
..# ....##..# 9.# )..[''..# ..#
....''..##########..#
....##..........@.9.#
....##..........z...#
#####################
############# #################
...#...'....###...##....##.....#
.###).รท###...#...##......##....#
##.'...'.##.....####....####...#
#.)##'##..##...##..##).##..##..#
..##...##..'...#............#..#


You could see a death cob and a molten gargoyle.

Vanquished Creatures
  A minotaur (D)
  An alligator (D)
  A death knight (D)
  An anaconda (D)
  A death yak (D)
  A flayed ghost (D)
  2 bog bodies (D)
  A lindwurm (D)
  A phantasmal warrior (D)
  A deep elf zephyrmancer (D)
  An orc knight (D)
  A cyclops (D)
  A kobold demonologist (D)
  An ice devil (D)
  A red devil (D)
  Psyche (D)
  A hellwing (D)
  A polar bear (D)
  6 dream sheep (D)
  A wyvern (D)
  A wraith (D)
  2 fire bats (D)
  A steam dragon (D)
  An acid dragon (D)
  A black bear (D)
  2 sky beasts (D)
  A wolf (D)
  A centaur (D)
  A gnoll sergeant (D)
  3 scorpions (D)
  An earth elemental (D)
  4 wights (D)
  2 crimson imps (D)
  A jelly (D)
  2 orc priests (D)
  A hound (D)
  2 iron imps (D)
  An orc wizard (D)
  A mummy (D)
  5 gnolls (D)
  An ufetubus (D)
  2 ribbon worms (D)
  7 orcs (D)
  A ball python (D)
  A bat skeleton (D)
  A bat zombie (D)
  2 endoplasms (D)
  A goblin (D)
  A ball python skeleton (D)
  2 bats (D)
  A jackal skeleton (D)
  2 kobolds (D)
  A quokka skeleton (D)
  2 rats (D)
85 creatures vanquished.

Vanquished Creatures (collateral kills)
  A foxfire (D)
1 creature vanquished.

Vanquished Creatures (others)
  167 foxfires (D)
167 creatures vanquished.

Grand Total: 253 creatures vanquished

Notes
Turn   | Place    | Note
-------+----------+-------------------------------------------
     0 | D        | Conn the Octopode Fire Elementalist began the quest for the
                  | Orb.
     0 | D        | Reached XP level 1. HP: 11/11 MP: 3/3
    42 | D        | Found a glowing golden altar of the Shining One.
    42 | D        | Found a glowing silver altar of Zin.
    42 | D        | Found a basalt altar of Yredelemnul.
    42 | D        | Found a shimmering altar of Xom.
    42 | D        | Found an ornate altar of the Wu Jian Council.
    42 | D        | Found a bloodstained altar of Trog.
    42 | D        | Found a shimmering blue altar of Sif Muna.
    42 | D        | Found a sacrificial altar of Ru.
    42 | D        | Found a stormy altar of Qazlal.
    42 | D        | Found an iron altar of Okawaru.
    42 | D        | Found a sparkling altar of Nemelex Xobeh.
    42 | D        | Found a burning altar of Makhleb.
    42 | D        | Found a viscous altar of Jiyva.
    42 | D        | Found a hazy altar of Hepliaklqana.
    42 | D        | Found an opulent altar of Gozag.
    42 | D        | Found a blossoming altar of Fedhas.
    42 | D        | Found a white marble altar of Elyvilon.
    42 | D        | Found a shadowy altar of Dithmenos.
    42 | D        | Found a snail-covered altar of Cheibriados.
    43 | D        | Found a radiant altar of Vehumet.
    43 | D        | Found a corrupted altar of Lugonu.
    43 | D        | Found a roughly hewn altar of Beogh.
    44 | D        | Found an ancient bone altar of Kikubaaqudgha.
    44 | D        | Found a hide-covered altar of Uskayaw.
    44 | D        | Found a broken altar of Ashenzari.
    45 | D        | Became a worshipper of Sif Muna the Loreminder
    55 | D        | Noticed a scorpion
    58 | D        | Killed a scorpion
    59 | D        | Reached skill level 1 in Staves
    59 | D        | Reached XP level 2. HP: 17/17 MP: 3/6
    59 | D        | Reached XP level 3. HP: 21/21 MP: 4/8
    59 | D        | Reached XP level 4. HP: 27/27 MP: 4/9
   100 | D        | Learned a level 2 spell: Scorch
   104 | D        | Learned a level 3 spell: Inner Flame
   109 | D        | Learned a level 4 spell: Flame Wave
   110 | D        | Reached * piety under Sif Muna
   161 | D        | Reached skill level 2 in Conjurations
   161 | D        | Reached skill level 1 in Invocations
   161 | D        | Reached ** piety under Sif Muna
   256 | D        | Noticed a gnoll sergeant
   256 | D        | Noticed a fire bat
   259 | D        | Killed a fire bat
   260 | D        | Reached skill level 5 in Spellcasting
   260 | D        | Reached skill level 4 in Conjurations
   260 | D        | Reached XP level 5. HP: 31/31 MP: 8/13
   260 | D        | Reached XP level 6. HP: 36/36 MP: 8/14
   265 | D        | Reached *** piety under Sif Muna
   271 | D        | Reached skill level 5 in Dodging
   271 | D        | Reached skill level 5 in Conjurations
   274 | D        | Reached **** piety under Sif Muna
   399 | D        | Reached skill level 6 in Conjurations
   399 | D        | Reached XP level 7. HP: 41/41 MP: 9/17
   404 | D        | Reached ***** piety under Sif Muna
   464 | D        | Received a gift from Sif Muna
   467 | D        | Got Sif Muna's Atlas of the Displaced Summer {god gift}
   475 | D        | Learned a level 6 spell: Starburst
   496 | D        | Reached skill level 1 in Fighting
   496 | D        | Reached skill level 7 in Conjurations
   496 | D        | Reached skill level 1 in Hexes
   503 | D        | Reached skill level 5 in Invocations
   571 | D        | Noticed a death yak
   633 | D        | Killed a death yak
   634 | D        | Reached skill level 8 in Conjurations
   634 | D        | Reached XP level 8. HP: 33/52 MP: 13/20
   745 | D        | Got the +2 halberd "Killer Bee's Foe" {flame, rElec Will+}
   819 | D        | Received a gift from Sif Muna
   820 | D        | Got Sif Muna's Exposition on the Shot and Doom {god gift}
   850 | D        | Noticed Psyche
   852 | D        | Noticed a cyclops
   860 | D        | Killed Psyche
   861 | D        | Reached skill level 9 in Conjurations
   861 | D        | Reached XP level 9. HP: 54/58 MP: 11/21
   869 | D        | Killed a cyclops
   994 | D        | Reached skill level 5 in Fighting
   995 | D        | Reached skill level 10 in Conjurations
   995 | D        | Reached skill level 5 in Hexes
   999 | D        | Reached skill level 10 in Spellcasting
  1095 | D        | Received a gift from Sif Muna
  1104 | D        | Learned a level 5 spell: Iskenderun's Battlesphere
  1113 | D        | Reached XP level 10. HP: 68/68 MP: 15/24
  1121 | D        | Noticed a death knight
  1125 | D        | Noticed a flayed ghost
  1129 | D        | Killed a flayed ghost
  1211 | D        | Learned a level 6 spell: Bombard
  1228 | D        | Reached skill level 11 in Conjurations
  1235 | D        | Received a gift from Sif Muna
  1236 | D        | Reached skill level 1 in Polearms
  1236 | D        | Reached skill level 10 in Fire Magic
  1236 | D        | Reached skill level 1 in Earth Magic
  1237 | D        | Got Sif Muna's Fundamentals of Sorcery {god gift}
  1585 | D        | Noticed a bog body
  1594 | D        | Noticed an anaconda
  1598 | D        | Killed an anaconda
  1598 | D        | Killed a bog body
  1696 | D        | Learned a level 4 spell: Brom's Barrelling Boulder
  1725 | D        | Killed a death knight
  1908 | D        | Reached ****** piety under Sif Muna
  1909 | D        | Noticed a bog body
  1915 | D        | Received a gift from Sif Muna
  1918 | D        | Got Sif Muna's Folio of Blasting {god gift}
  1939 | D        | Reached skill level 12 in Conjurations
  2017 | D        | Killed a bog body
  2018 | D        | Reached skill level 5 in Earth Magic
  2018 | D        | Reached XP level 11. HP: 6/75 MP: 11/26
  2273 | D        | Received a gift from Sif Muna
  2273 | D        | Noticed a lindwurm
  2280 | D        | HP: 3/75 [lindwurm/blast of flame (37)]
  2283 | D        | Killed a lindwurm
  2779 | D        | Learned a level 4 spell: Iskenderun's Mystic Blast
  2796 | D        | Received a gift from Sif Muna
  2817 | D        | Noticed an orc knight
  2817 | D        | Noticed a phantasmal warrior
  2849 | D        | Killed a phantasmal warrior
  3051 | D        | Killed an orc knight
  3222 | D        | Noticed a minotaur
  3233 | D        | Killed a minotaur
  3233 | D        | Received a gift from Sif Muna
  3234 | D        | Got Sif Muna's Lectures on Sanguinolent Points {god gift}
  3479 | D        | Noticed a deep elf zephyrmancer
  3490 | D        | Killed a deep elf zephyrmancer
  3491 | D        | Reached skill level 5 in Polearms
  3491 | D        | Reached skill level 13 in Conjurations
  3491 | D        | Reached skill level 10 in Invocations
  3590 | D        | Noticed an alligator
  3590 | D        | Noticed a death cob
  3602 | D        | Learned a level 5 spell: Arcjolt
  3625 | D        | Killed an alligator
  3626 | D        | Reached skill level 10 in Dodging
  3626 | D        | Annihilated by a death cob

Illustrated notes

Levels and vault maps discovered:
D:        pitsprint [storerooms_1, entrance_room_1, metal_vault_6, armoury_2,
          mini_pit_1, grid_room_1, main_hall_1, silver_pit, the_coven_3,
          the_vestibule_1, steel_vault_2, golden_pit, hallway_of_sentries,
          crystal_vault_2, iron_vault_2, final_vault]

Skill      XL: |  1  2  3  4  5  6  7  8  9 10 11 |
---------------+----------------------------------+-----
Staves         | 1 |  1.2
Dodging        | 3 4 5 6 7 8 9 10 | 10.0
Stealth        | 4 6 7 8 |  8.0
Spellcasting   | 3 5 6 8 10 11 12 | 12.6
Fire Magic     | 6 7 8 9 10 11 | 11.2
Conjurations   | 4 6 8 9 10 12 13 | 13.2
Invocations    | 3 4 6 7 9 10 | 10.1
Fighting       | 3 4 5 7 8 |  8.4
Hexes          | 3 5 |  5.0
Polearms       | 3 5 |  5.2
Earth Magic    | 5 7 |  7.5

Action                     |  1- 3 |  4- 6 |  7- 9 | 10-12 || total
---------------------------+-------+-------+-------+-------++-------
  Melee: Quarterstaff      |     2 |     7 |       |       ||     9
         Constrict         |     1 |     2 |     2 |     4 ||     9
         Tentacles         |     1 |     1 |     2 |     8 ||    12
         Halberd           |       |       |    15 |    20 ||    35
   Cast: Foxfire           |     3 |     7 |    15 |    74 ||    99
         Scorch            |       |     7 |    13 |    20 ||    40
         Inner Flame       |       |     3 |     8 |    16 ||    27
         Iskenderun's Batt |       |       |     1 |     4 ||     5
         Starburst         |       |       |     1 |    13 ||    14
         Flame Wave        |       |       |       |     5 ||     5
         Brom's Barrelling |       |       |       |     6 ||     6
         Iskenderun's Myst |       |       |       |     4 ||     4
 Invoke: Channel Magic     |       |       |       |     2 ||     2
  Evoke: Wand              |       |       |       |     2 ||     2
    Use: Potion            |     1 |     2 |     1 |     2 ||     6
         Scroll            |       |       |       |     3 ||     3
   Stab: Sleeping          |       |       |       |     1 ||     1
 Armour: Skin              |     1 |     7 |     9 |    42 ||    59
  Dodge: Dodged            |       |    10 |    18 |    45 ||    73

Table legend: (Time is in decaauts)
 A = Elapsed time spent in this place.
 B = Non-inter-level travel time spent in this place.
 C = Inter-level travel time spent in this place.
 D = Time resting spent in this place.
 E = Time spent auto-exploring this place.
 F = Levels seen in this place.
 G = Mean time per level.
                   A        B        C        D        E       F      G
               +--------+--------+--------+--------+--------+-----+--------+
         Total |   3662 |   3662 |      0 |   2186 |      0 |   1 | 3662.0 |
       Dungeon |   3662 |   3662 |      0 |   2186 |      0 |   1 | 3662.0 |
               +--------+--------+--------+--------+--------+-----+--------+

Top non-repeatable levels by time:
       D: 3662 daAuts
